 Dungeon Crawl Stone Soup version 0.22.0-16-gc6d26f69f9 (webtiles) character file.

1187 Rrauwl the Archer (level 8, -1/48 HPs)
             Began as a Deep Elf Hunter on Aug 18, 2018.
             Slain by a black bear (3 damage)
             ... on level 6 of the Dungeon.
             The game lasted 00:22:19 (5842 turns).

Rrauwl the Archer (Deep Elf Hunter)                 Turns: 5842, Time: 00:22:20

Health: -1/48      AC:  7    Str: 14    XL:     8   Next: 19%
Magic:  20/20      EV: 13    Int: 21    God:
Gold:   262        SH:  0    Dex: 16    Spells: 5/7 levels left

rFire    . . .     SeeInvis .   b - +1 shortbow
rCold    + . .     Gourm    +   (shield currently unavailable)
rNeg     + . .     Faith    .   q - +0 ring mail
rPois    .         Spirit   .   (no helmet)
rElec    .         Reflect  .   (no cloak)
rCorr    .         Harm     .   (no gloves)
MR       .....                  h - +1 pair of boots {run}
Stlth    +.........             c - amulet "Yfeteih" {Gourm Str+4 Int+4}
HPRegen  0.16/turn              p - ring of magical power
MPRegen  0.17/turn              j - ring of positive energy

@: quick
A: blurry vision 1, cold resistance 1, robust 1
a: no special abilities


You were on level 6 of the Dungeon.
You were very full.

You visited 1 branch of the dungeon, and saw 6 of its levels.

You collected 262 gold pieces.

Inventory:

Hand Weapons
 a - a +3 whip
 b - a +1 shortbow (weapon)
Missiles
 d - 20 arrows (quivered)
Armour
 h - a +1 pair of boots of running (worn)
 q - a +0 ring mail (worn)
Jewellery
 c - the amulet "Yfeteih" (around neck) {Gourm Str+4 Int+4}
   (You found it on level 4 of the Dungeon)

   [amulet of the gourmand]

   It allows you to eat raw meat even when not hungry.
   It affects your strength (+4).
   It affects your intelligence (+4).
 j - a ring of positive energy (right hand)
 k - a +4 ring of intelligence
 p - a ring of magical power (left hand)
Wands
 i - a wand of iceblast (5)
Scrolls
 f - a scroll of remove curse
 g - 2 scrolls of amnesia
 l - 4 scrolls of teleportation
 m - 2 scrolls of identify
 o - 2 scrolls of fear
Comestibles
 e - 13 rations


   Skills:
 - Level 2.0 Fighting
 + Level 9.7 Bows
 - Level 3.0 Armour
 - Level 4.0 Dodging
 - Level 2.0 Stealth
 - Level 2.3 Evocations


You had 5 spell levels left.
You knew the following spells:

 Your Spells              Type           Power        Failure   Level  Hunger
a - Blink                 Tloc           N/A          47%         2    ###....

Your spell library contained the following spells:

 Spells                   Type           Power        Failure   Level  Hunger
 Magic Dart               Conj           #...         34%         1    ##.....
 Conjure Flame            Conj/Fire      #.......     71%         3    ####...
 Slow                     Hex            #.......     47%         2    ###....
 Mephitic Cloud           Conj/Pois/Air  #.......     71%         3    ####...
 Call Imp                 Summ           #.......     47%         2    ###....


Dungeon Overview and Level Annotations

Branches:
Dungeon (6/15)
 Temple: D:4-7

Altars:
Elyvilon
Gozag
Yredelemnul

Shops:
D:5 *


Innate Abilities, Weirdness & Mutations

Scrolls take you a little longer to read.
Your flesh is cold resistant. (rC+)
You are robust. (+10% HP)


Message History

You shoot an arrow.
The arrow closely misses the killer bee zombie.
The killer bee zombie hits you but does no damage.
The black bear misses you.
The black bear claws you but does no damage.
The black bear completely misses you. The killer bee zombie hits you.
* * * LOW HITPOINT WARNING * * *
Really read with blurry vision while enemies are nearby?
Okay, then.
Unknown command.
Firing (i - inventory)
d - 21 arrows (quivered)
Press: ? - help, Shift-Dir - straight line, f/p - killer bee zombie
Aim: a killer bee zombie (severely damaged)
You shoot an arrow. The arrow hits the killer bee zombie!
The killer bee zombie is almost destroyed.
The killer bee zombie hits you.
* * * LOW HITPOINT WARNING * * *
The black bear bites you but does no damage.
The black bear barely misses you. The black bear claws you.
You die...

.....#P..8#...
.......P.#...
.....Z......
...P.ZP....
(........# ####
#.......# #.Z##
#.....# #@hZ##
#<..#
###(.####..##
##....((### ##
#(.....(.###..#
♣♣♣
##(.###.......#
;... ##..##
#Z......# ....#
##..##
#.......##
.....###...#
##........
......#...##
##.....##..


You could see a black bear, a bullfrog zombie and a killer bee zombie.

Vanquished Creatures
  Menkaure (D:5)
  Duvessa (D:5)
  An ogre (D:5)
  A bullfrog (D:4)
  Dowan (D:5)
  A howler monkey (D:6)
  2 bullfrog zombies (D:6)
  A crimson imp (D:5)
  2 hounds
  2 orc wizards
  4 orc priests
  2 iguanas
  5 worker ants
  A howler monkey skeleton (D:4)
  A worker ant zombie (D:6)
  5 gnolls (D:5)
  5 adders
  A river rat (D:4)
  3 worms
  A dart slug (D:1)
  4 leopard geckos
  14 orcs
  9 bats
  8 giant cockroaches
  10 goblins
  5 hobgoblins
  4 jackals
  9 kobolds
  A quokka (D:6)
  2 ball pythons
  4 frilled lizards
  A leopard gecko zombie (D:6)
  4 rats
116 creatures vanquished.

Notes
Turn   | Place    | Note
-------+----------+-------------------------------------------
     0 | D:1      | Rrauwl the Deep Elf Hunter began the quest for the Orb.
     0 | D:1      | Reached XP level 1. HP: 12/12 MP: 3/3
   321 | D:1      | Reached XP level 2. HP: 11/17 MP: 4/4
   336 | D:1      | Identified a +0 pair of boots of running (You found it on level 1 of the Dungeon)
  1491 | D:2      | Reached XP level 3. HP: 21/21 MP: 5/5
  1596 | D:2      | Gained mutation: Scrolls take you a little longer to read. [potion of mutation]
  1596 | D:2      | Gained mutation: You are robust. (+10% HP) [potion of mutation]
  1596 | D:2      | Gained mutation: Your flesh is cold resistant. (rC+) [potion of mutation]
  1943 | D:2      | Reached skill level 5 in Bows
  2387 | D:3      | Reached XP level 4. HP: 24/28 MP: 6/6
  2580 | D:3      | Found a white marble altar of Elyvilon.
  2784 | D:3      | Reached XP level 5. HP: 33/33 MP: 7/7
  2841 | D:3      | Reached skill level 6 in Bows
  3445 | D:4      | Reached skill level 7 in Bows
  3451 | D:4      | Got a sparkling copper amulet
  3454 | D:4      | Identified the amulet "Yfeteih" {Gourm Str+4 Int+4} (You found it on level 4 of the Dungeon)
  3474 | D:4      | Noticed an ogre
  3623 | D:4      | Found a basalt altar of Yredelemnul.
  3650 | D:4      | Reached XP level 6. HP: 22/38 MP: 8/8
  3896 | D:4      | Reached skill level 8 in Bows
  4338 | D:4      | Learned a level 2 spell: Blink
  4461 | D:4      | Reached XP level 7. HP: 44/44 MP: 9/9
  4601 | D:5      | Entered Level 5 of the Dungeon
  4706 | D:5      | Reached skill level 1 in Armour
  4706 | D:5      | Reached skill level 1 in Evocations
  4709 | D:5      | Found an opulent altar of Gozag.
  4768 | D:5      | Noticed Duvessa
  4773 | D:5      | Noticed Dowan
  4794 | D:5      | Killed Duvessa
  4798 | D:5      | Reached skill level 9 in Bows
  4812 | D:5      | Killed Dowan
  4883 | D:5      | Found Jawoy's Assorted Antiques.
  5233 | D:5      | Noticed Menkaure
  5246 | D:5      | Killed Menkaure
  5246 | D:5      | Reached XP level 8. HP: 48/48 MP: 11/11
  5842 | D:6      | HP: 2/48 [killer bee zombie (3)]
  5842 | D:6      | Slain by a black bear

Skill      XL: |  1  2  3  4  5  6  7  8 |
---------------+-------------------------+-----
Stealth        | 2 |  2.0
Fighting       | 2 |  2.0
Dodging        | 3 4 |  4.0
Bows           | 5 7 8 9 |  9.7
Armour         | 2 3 |  3.0
Evocations     | 2 |  2.3

Action                   |  1- 3 |  4- 6 |  7- 9 || total
-------------------------+-------+-------+-------++-------
Melee: Short sword       |       |    45 |       ||    45
       Whip              |       |     8 |       ||     8
 Fire: Shortbow          |   146 |   118 |   152 ||   416
Evoke: Wand              |       |    15 |     5 ||    20
  Use: Potion            |     3 |     2 |     2 ||     7
       Scroll            |     7 |     1 |     2 ||    10
  Eat: Chunk             |     2 |    18 |     2 ||    22
       Ration            |     1 |       |       ||     1
Armor: Leather armour    |    14 |     8 |       ||    22
       Ring mail         |       |    28 |    25 ||    53
Dodge: Dodged            |    33 |    82 |    62 ||   177
